 Dungeon Crawl Stone Soup version 0.30-a0-1075-gcd70e7a56d (webtiles) character file.

Game seed: 13557867806125593338

62776 Esekla the Thaumaturge (level 15, -7/103 HPs)
             Began as an Octopode Delver on Apr 13, 2023.
             Was an Initiate of Gozag.
             Killed by the air
             ... invoked by a wind drake
              (22 damage)
             ... on level 5 of the Lair of Beasts on Apr 14, 2023.
             The game lasted 02:56:32 (25381 turns).

Esekla the Thaumaturge (Octopode Delver)           Turns: 25381, Time: 02:56:32

Health: -7/103     AC:  1    Str: 12    XL:     15   Next: 7%
Magic:  36/38      EV: 47    Int: 22    God:    Gozag
Gold:   1353       SH:  0    Dex: 27    Spells: 12/34 levels left

rFire   + + .      SeeInvis +    g - +1 rapier (protect)
rCold   + . .      Faith    .    (no shield)
rNeg    + . .      Spirit   .    (helmet restricted)
rPois   .          Reflect  .    K - amulet of the acrobat
rElec   .          Rampage  .    j - +6 ring of dexterity
rCorr   .                        Y - ring of Uhaa {rF+ rN+ Dex+6 SInv}
Will    +....                    G - ring of protection from cold
Stlth   ++++++                   I - ring of wizardry
HPRegen 0.37/turn                Z - +6 ring of intelligence
MPRegen 0.26/turn                q - +5 ring of evasion
                                 L - +5 ring of evasion
                                 W - ring of Qikutol {rF+ MP+9 SInv}

@: wereblooded, gold aura, acrobatic, studying Summonings
A: almost no armour, amphibious, 8 rings, camouflage 1, gelatinous body 1,
(nimble swimmer 1), tentacles, dopey 1
a: Renounce Religion, Potion Petition, Call Merchant, Bribe Branch


You were on level 5 of the Lair of Beasts.
You worshipped Gozag.
Gozag was most pleased with you.
You visited 4 branches of the dungeon, and saw 20 of its levels.
You visited the Abyss 1 time.
You also visited: Sewer and Bailey.

You collected 6186 gold pieces.
You spent 4354 gold pieces at shops.
You paid 479 gold pieces to Gozag.

Inventory:

Hand Weapons
 a - a +2 long sword of pain
 f - a +4 scimitar of flaming
 g - a +1 rapier of protection (weapon)
 r - a +3 spear of freezing
 s - a +2 dagger of electrocution
 v - a +1 dagger of venom
Missiles
 k - 50 poisoned darts
 l - 17 javelins
 m - 10 boomerangs (quivered)
 O - 5 curare-tipped darts
 S - 6 silver boomerangs
 U - 6 silver javelins
Armour
 T - a +0 kite shield
Jewellery
 j - a +6 ring of dexterity (left tentacle)
 q - a +5 ring of evasion (on tentacle)
 E - a ring of protection from cold
 G - a ring of protection from cold (on tentacle)
 I - a ring of wizardry (on tentacle)
 K - an amulet of the acrobat (around mantle)
 L - a +5 ring of evasion (on tentacle)
 R - a ring of fire
 W - the ring of Qikutol (on tentacle) {rF+ MP+9 SInv}
   (You bought it in a shop on level 1 of the Orcish Mines)

   [ring of magical power]

   rF:        It protects you from fire.
   MP:        It affects your magic capacity (+9).
   SInv:      It lets you see invisible.
 Y - the ring of Uhaa (right tentacle) {rF+ rN+ Dex+6 SInv}
   (You bought it in a shop on level 2 of the Orcish Mines)

   [ring of dexterity]

   Dex:       It affects your dexterity (+6).
   rF:        It protects you from fire.
   rN:        It protects you from negative energy.
   SInv:      It lets you see invisible.
 Z - a +6 ring of intelligence (on tentacle)
Wands
 J - a wand of roots (11)
 M - a wand of flame (45)
 N - a wand of mindburst (9)
 P - a wand of digging (2)
Scrolls
 b - 4 scrolls of fog
 c - 5 scrolls of magic mapping
 e - 2 scrolls of enchant weapon
 i - a scroll of amnesia
 p - 5 scrolls of teleportation
 y - 4 scrolls of blinking
 A - a scroll of fear
 F - 7 scrolls of poison
 H - 2 scrolls of butterflies
 V - a scroll of silence
Potions
 d - 8 potions of flight
 h - a potion of cancellation
 n - 3 potions of lignification
 o - a potion of resistance
 t - a potion of invisibility
 u - 3 potions of heal wounds
 w - 6 potions of attraction
 x - 2 potions of might
 z - 7 potions of brilliance
 B - 5 potions of curing
 C - a potion of berserk rage
 D - 5 potions of haste
 Q - a potion of magic
 X - 3 potions of mutation


   Skills:
 * Level 9.8 Fighting
 - Level 9.0(10.7) Short Blades
 * Level 9.1(10.8) Long Blades
 + Level 4.5 Throwing
 * Level 9.6 Dodging
 - Level 9.2 Stealth
 * Level 4.8 Shields
 * Level 10.1 Spellcasting
 + Level 5.9 Conjurations
 - Level 3.0 Summonings
 * Level 0.5 Translocations
 - Level 4.0 Transmutations
 * Level 3.3 Fire Magic
 + Level 3.9 Ice Magic
 * Level 4.8 Air Magic
 * Level 7.9 Earth Magic
 - Level 4.4 Poison Magic


You had 12 spell levels left.
You knew the following spells:

 Your Spells              Type           Power      Damage    Failure   Level
b - Blink                 Tloc           26%        N/A       3%          2
c - Mephitic Cloud        Conj/Pois/Air  33%        N/A       1%          3
e - Searing Ray           Conj           74%        2d7       1%          2
k - Airstrike             Air            16%        2d(3-19)  3%          4
o - Scorch                Fire           50%        2d7       1%          2
r - Frozen Ramparts       Ice            56%        1d9       1%          3
s - Summon Lightning Spi  Summ/Air       28%        N/A       4%          4
w - Wereblood             Tmut           28%        N/A       1%          2

Your spell library contained the following spells:

 Spells                   Type           Power      Damage    Failure   Level
 Beastly Appendage        Tmut           56%        N/A       1%          1
 Foxfire                  Conj/Fire      100%       2x1d9     1%          1
 Freeze                   Ice            100%       1d10      1%          1
 Magic Dart               Conj           100%       1d8       1%          1
 Call Imp                 Summ           48%        N/A       1%          2
 Momentum Strike          Conj/Tloc      50%        3d9       1%          2
 Static Discharge         Conj/Air       68%        2-5/arc   1%          2
 Hailstorm                Conj/Ice       32%        3d8       1%          3
 Spider Form              Tmut/Pois      29%        N/A       1%          3
 Dazzling Flash           Conj/Hex       48%        N/A       2%          3
 Lesser Beckoning         Tloc           26%        N/A       3%          2
 Sublimation of Blood     Necr           11%        N/A       3%          2
 Volatile Blastmotes      Fire/Tloc      38%        2d13      3%          3
 Flame Wave               Conj/Fire      31%        2d9       3%          4
 Gell's Gravitas          Tloc           13%        N/A       6%          3
 Teleport Other           Tloc           13%        N/A       6%          3
 Iskenderun's Mystic Bla  Conj/Tloc      25%        2d7       6%          4
 Fulminant Prism          Conj/Hex       12%        3d8       8%          4
 Fireball                 Conj/Fire      15%        3d8       11%         5
 Starburst                Conj/Fire      15%        6d6       45%         6
 Plasma Beam              Fire/Air       14%        2x1d28    52%         6
 Summon Cactus Giant      Summ           12%        N/A       67%         6
 Dispersal                Tloc           6%         N/A       95%         6
 Summon Hydra             Summ           12%        N/A       99%         7
 Chain Lightning          Conj/Air       17%        3d22      100%        9
 Fire Storm               Conj/Fire      15%        8d4       100%        9
 Shatter                  Erth           22%        3d20*     100%        9


Dungeon Overview and Level Annotations

Branches:
Dungeon (12/15)            Temple (1/1) D:5            Lair (5/5) D:8
  Swamp (0/4) Lair:2        Snake (0/4) Lair:2        Slime (0/5) Lair:5
    Orc (2/2) D:9             Elf (0/3) Orc:2         Sewer (visited)
 Bailey (visited)

Altars:
Gozag
Hepliaklqana
Okawaru
Qazlal
Uskayaw
Wu Jian
Yredelemnul
Jiyva

Shops:
D:3 :=(   D:8 =   Orc:1 =   Orc:2 [*:(

Annotations:
D:3 3 runed translucent doors, Newt's ghost, amateur KoHu
D:5 bear
D:6 3 runed translucent doors, Tangent's ghost, novice DrFE
D:10 1 runed translucent door
D:12 3 runed translucent doors, Zeldest's ghost, journeyman DrMo
Lair:1 1 runed translucent door, Hopopupt's ghost, journeyman MeWr


Innate Abilities, Weirdness & Mutations

You cannot wear most types of armour.
You are amphibious.
You can wear up to eight rings at the same time.
Your skin changes colour to match your surroundings (Stealth+).
Your rubbery body absorbs attacks. (AC +1, EV +1)
((You are camouflaged when in or above water. (Stealth+)))
You have tentacles for arms and can constrict up to eight enemies at once.
You are dopey. (Int -2)


Message History

The rime drake hisses angrily.
You hear an angry hiss.
You hear a croak.
The rime drake is engulfed in noxious fumes.
The rime drake appears confused.
You puncture the rime drake!
Your weapon exudes an aura of protection.
The rime drake is moderately wounded.
You completely miss the rime drake.
The rime drake is moderately wounded.
Casting: Mephitic Cloud (safe; 1% risk of failure)
Confirm with . or Enter, or press ? or * to list all spells.
Your blood is infused with primal strength.
The rime drake is engulfed in noxious fumes.
The rime drake appears confused.
The rime drake barely misses you.
You puncture the rime drake!
The rime drake is severely wounded.
The rime drake completely misses you.
You puncture the rime drake!
The rime drake is almost dead.
The rime drake bites you.
You hit the rime drake.
You feel a bit better.
You kill the rime drake!
A wind drake comes into view.
You howl as the wereblood boils in your veins!
The wind drake hisses angrily.
You see here 14 gold pieces.
You now have 1353 gold pieces (gained 14).
The wind drake flaps its wings at you. The air twists around and strikes you!!
The wind drake flaps its wings at you. The air twists around and strikes you!!
* * * LOW HITPOINT WARNING * * *
A cane toad comes into view.
You see here a poisoned dart.
The wind drake flaps its wings at you. The air twists around and strikes you!
* * * LOW HITPOINT WARNING * * *
The wind drake flaps its wings at you. The air twists around and strikes you!!
You die...
Your body crumbles into a pile of gold.

#..#..#......#.<......~~~~..~
#.P...##...#.....(....##~~~#~
###.....................~#~~##
#..........<##..........~~~~~
.......................~~~P~~~
....#.......#...........##~###
................###.#...#~~#
................##.(.....~~~
..............@##.$(.(..~~~ ~
................##$.(#..##.
........)..........(.#..##~#
................#$..~~~~
....................~.P~
....................#~.#
.............k...~~~~
........<........~~~~
...........#...~~~~~


You could see a wind drake (repels missiles).

Vanquished Creatures
  Kirke (Lair:3)
  2 orc warlords (Orc:1)
  Nessos (D:12)
  An ettin (Orc:2)
  Snorg (Orc:2)
  Josephine (Orc:2)
  2 hydras
  Erolcha (Orc:2)
  Erica (Lair:2)
  A boulder beetle (D:12)
  4 two-headed ogres
  4 death yaks (Lair:3)
  3 orc high priests (Orc:2)
  Sonja (D:12)
  A fire crab (Lair:4)
  3 bog bodies (Lair:2)
  A harpy (Lair:5)
  A deep elf pyromancer (Bailey)
  5 orc knights
  3 orc sorcerers
  A cyclops (D:12)
  2 ugly things
  A manticore (D:12)
  Maurice (D:8)
  11 elephants
  6 black mambas
  A gargoyle (D:12)
  13 cane toads
  7 komodo dragons
  2 kobold demonologists (D:11)
  2 unseen horrors
  2 rime drakes
  3 polar bears
  8 trolls
  A wind drake (Lair:5)
  Prince Ribbit (D:6)
  25 blink frogs
  3 slime creatures (D:9)
  A vampire (D:9)
  5 wyverns
  7 wraiths
  13 yaks
  6 hogs
  3 basilisks
  2 steam dragons
  4 vampire mosquitoes (D:11)
  Menkaure (D:6)
  An acid dragon (D:9)
  2 nagas (Lair:2)
  A swamp worm (Lair:2)
  4 wargs (Orc:1)
  15 water moccasins
  3 black bears
  An ice beast (D:5)
  A sky beast (D:8)
  39 orc warriors
  10 ogres
  3 centaurs
  17 wolves
  A phantom (D:6)
  4 kobold brigands
  Blork the orc (D:4)
  3 gnoll sergeants
  12 bullfrogs
  3 scorpions
  5 wights (D:9)
  4 killer bees (D:9)
  7 howler monkeys
  4 electric eels
  4 hounds
  3 jellies
  13 orc priests
  Crazy Yiuf (D:5)
  A human skeleton (D:10)
  4 sleepcaps
  3 iguanas
  15 orc wizards
  22 gnolls
  13 adders
  3 river rats (Sewer)
  3 white imps
  2 ufetubi
  2 worms (Sewer)
  3 dart slugs
  72 orcs
  10 endoplasms
  7 giant cockroaches
  12 goblins
  8 hobgoblins
  9 jackals
  7 quokkas
  8 ball pythons
  12 bats
  2 frilled lizards
  24 kobolds
  7 rats
581 creatures vanquished.

Vanquished Creatures (others)
  3 bushes (D:4)
  50 fungi
  80 plants
133 creatures vanquished.

Grand Total: 714 creatures vanquished

Notes
Turn   | Place    | Note
-------+----------+-------------------------------------------
     0 | D:5      | Esekla the Octopode Delver began the quest for the Orb.
     0 | D:5      | Reached XP level 1. HP: 16/16 MP: 1/1
     5 | Temple   | Entered the Ecumenical Temple
   164 | D:5      | Noticed a wraith
   173 | D:5      | Noticed a scorpion
   229 | D:5      | Noticed an ice beast
   258 | D:5      | Noticed a scorpion
   259 | D:5      | Noticed a black bear
   259 | D:5      | Noticed an iguana
   353 | D:5      | Noticed an ice beast
   355 | D:5      | Noticed a hound
   359 | D:5      | Killed a hound
   360 | D:5      | Reached XP level 2. HP: 12/21 MP: 2/2
   360 | D:5      | Reached XP level 3. HP: 14/26 MP: 3/3
   492 | D:5      | Reached XP level 4. HP: 30/31 MP: 3/5
   500 | D:5      | Reached skill level 1 in Spellcasting
   783 | D:5      | Reached XP level 5. HP: 30/37 MP: 6/6
  1583 | Temple   | Became a worshipper of Gozag Ym Sagoz the Greedy
  1619 | D:5      | Reached XP level 6. HP: 29/43 MP: 8/8
  1908 | D:4      | Found a glowing drain.
  1965 | Sewer    | Entered a sewer
  2396 | Sewer    | Reached skill level 2 in Spellcasting
  2586 | D:4      | Reached XP level 7. HP: 48/48 MP: 10/10
  2683 | D:4      | Reached skill level 1 in Short Blades
  3013 | D:3      | Found Naaqarch's Book Emporium.
  3076 | D:3      | Bought a book of Changes for 216 gold pieces
  3076 | D:3      | Bought a book of Conjurations for 240 gold pieces
  3079 | D:3      | Learned a level 2 spell: Searing Ray
  3082 | D:3      | Learned a level 2 spell: Wereblood
  4490 | D:2      | Found a faded altar of an unknown god.
  4803 | D:3      | Found Daniuczi's Jewellery Shoppe.
  4833 | D:3      | Found a runed translucent gate.
  4834 | D:3      | Found a runed translucent gate.
  4835 | D:3      | Found a runed translucent gate.
  4892 | D:3      | Found Wybeckupunk's Weapon Boutique.
  5020 | D:3      | Noticed Newt's ghost (amateur KoHu)
  5191 | D:3      | Identified the +0 robe of the Bells {Rampage}
  5499 | D:3      | Bought a book of Minor Magic for 216 gold pieces
  5503 | D:3      | Learned a level 3 spell: Mephitic Cloud
  5695 | D:4      | Noticed Blork the orc
  5815 | D:5      | Found a runed translucent door.
  5816 | D:5      | Noticed Crazy Yiuf
  5825 | D:5      | Killed Crazy Yiuf
  5826 | D:5      | Reached skill level 1 in Transmutations
  6144 | D:4      | Killed Blork the orc
  6145 | D:4      | Reached XP level 8. HP: 54/54 MP: 6/11
  6411 | D:5      | Reached skill level 1 in Conjurations
  6411 | D:5      | Reached skill level 1 in Poison Magic
  6477 | D:6      | Reached skill level 1 in Earth Magic
  6496 | D:6      | Reached skill level 1 in Air Magic
  6942 | D:3      | Bought a ring of wizardry for 330 gold pieces
  6942 | D:3      | Bought a ring of see invisible for 165 gold pieces
  7192 | D:6      | Reached skill level 3 in Spellcasting
  7206 | D:6      | Found a runed translucent gate.
  7207 | D:6      | Found a runed translucent gate.
  7207 | D:6      | Found a runed translucent gate.
  7274 | D:5      | Killed a wraith
  7275 | D:5      | Reached skill level 5 in Fighting
  7275 | D:5      | Reached XP level 9. HP: 28/61 MP: 13/13
  7306 | D:5      | Reached skill level 1 in Throwing
  7435 | D:6      | Found an opulent altar of Gozag.
  7435 | D:6      | Noticed a komodo dragon
  7435 | D:6      | Noticed a two-headed ogre
  7437 | D:6      | Noticed Menkaure
  7438 | D:6      | Noticed Tangent's ghost (novice DrFE)
  7444 | D:6      | Killed Menkaure
  7721 | D:6      | Noticed Prince Ribbit
  7842 | D:6      | Killed Prince Ribbit
  8481 | D:7      | Reached skill level 5 in Long Blades
  8534 | D:7      | Identified the +8 rapier "Zeudi" {antimagic, Fly rC++ Will+
                  | Int-2}
  8673 | D:8      | Noticed Maurice
  8677 | D:8      | Killed Maurice
  8678 | D:8      | Reached skill level 5 in Dodging
  8690 | D:8      | Found a staircase to the Lair.
  8695 | D:8      | Noticed a two-headed ogre
  8709 | D:8      | Reached XP level 10. HP: 32/66 MP: 8/15
  8723 | D:8      | Reached skill level 4 in Spellcasting
  9035 | D:8      | Found a flagged portal.
  9130 | Bailey   | Entered a bailey
  9257 | Bailey   | Noticed an orc knight
  9267 | Bailey   | Killed an orc knight
  9268 | Bailey   | Reached skill level 5 in Short Blades
  9365 | Bailey   | Found a large runed translucent door.
  9365 | Bailey   | Found a large runed translucent door.
  9366 | Bailey   | Noticed a deep elf pyromancer
  9436 | Bailey   | Killed a deep elf pyromancer
  9577 | D:8      | Killed a two-headed ogre
  9727 | D:8      | Reached XP level 11. HP: 72/72 MP: 14/18
  9953 | D:3      | Bought a book of Annihilations for 720 gold pieces
 10062 | Lair:1   | Entered Level 1 of the Lair of Beasts
 10216 | Lair:1   | Reached skill level 5 in Spellcasting
 10608 | Lair:1   | Found a runed translucent door.
 10628 | Lair:1   | Noticed Hopopupt's ghost (journeyman MeWr)
 11240 | Lair:1   | Reached skill level 5 in Earth Magic
 11375 | Lair:1   | Identified the +0 leather armour "Lerehaf" {rC+}
 11402 | Lair:1   | Reached skill level 6 in Spellcasting
 11797 | Lair:2   | Reached XP level 12. HP: 73/81 MP: 15/21
 12160 | Lair:2   | Noticed Erica
 12202 | Lair:2   | Killed Erica
 12213 | Lair:2   | Reached skill level 5 in Conjurations
 12459 | Lair:2   | Found a staircase to the Snake Pit.
 13141 | Lair:2   | Found a staircase to the Swamp.
 13622 | D:9      | Found a staircase to the Orcish Mines.
 13815 | D:9      | Found an ornate altar of the Wu Jian Council.
 14976 | Orc:1    | Entered Level 1 of the Orcish Mines
 15229 | Orc:2    | Entered Level 2 of the Orcish Mines
 15241 | Orc:2    | Noticed Josephine
 15243 | Orc:2    | Noticed an orc warlord
 15296 | Orc:2    | Noticed Snorg
 15508 | Orc:1    | Noticed a soul eater
 15524 | Orc:1    | Reached skill level 7 in Spellcasting
 15710 | Orc:1    | Found Geeq's Jewellery Boutique.
 15791 | Orc:1    | Noticed an orc warlord
 15813 | Abyss:4  | Noticed a starcursed mass
 15813 | Abyss:4  | Cast into level 4 of the Abyss (orc warlord)
 15817 | Abyss:4  | Noticed a green very ugly thing
 15820 | Abyss:4  | Gained mutation: You are dopey. (Int -2) [a neqoxec]
 15822 | Orc:1    | Escaped the Abyss
 15837 | Orc:1    | Bought the ring of Qikutol {rF+ MP+9 SInv} for 649 gold
                  | pieces
 15857 | Orc:1    | Reached XP level 13. HP: 51/89 MP: 12/23
 15860 | Orc:1    | Killed an orc warlord
 15865 | Orc:1    | Reached skill level 1 in Shields
 16300 | Orc:2    | Found a staircase to the Elven Halls.
 16793 | Orc:2    | Noticed Erolcha
 16800 | Orc:2    | Killed Erolcha
 16840 | Orc:2    | Noticed an ettin
 16862 | Orc:2    | Killed an ettin
 17025 | Orc:2    | Found Ijaizaol's Book Boutique.
 17034 | Orc:2    | Killed Snorg
 17035 | Orc:2    | Reached skill level 8 in Spellcasting
 17057 | Orc:2    | Killed Josephine
 17115 | Orc:2    | Found Arphy's Antique Armour Boutique.
 17177 | Orc:2    | Found Upral's Antique Weapon Shoppe.
 17248 | Orc:2    | Found Oxoaxud's General Store.
 17256 | Orc:2    | Bought a scroll of identify for 30 gold pieces
 17500 | Orc:2    | Bought a book of Storms for 312 gold pieces
 17500 | Orc:2    | Bought a book of Scorching for 360 gold pieces
 17500 | Orc:2    | Bought a book of Frost for 240 gold pieces
 17505 | Orc:2    | Learned a level 4 spell: Airstrike
 17509 | Orc:2    | Learned a level 3 spell: Frozen Ramparts
 17514 | Orc:2    | Learned a level 4 spell: Summon Lightning Spire
 17672 | Orc:1    | Killed an orc warlord
 17681 | Orc:1    | Learned a level 2 spell: Scorch
 18232 | Lair:2   | Reached skill level 1 in Ice Magic
 18339 | Lair:3   | Reached skill level 1 in Summonings
 18346 | Lair:3   | Noticed Kirke
 19236 | Lair:3   | Reached XP level 14. HP: 97/97 MP: 26/26
 19280 | Lair:3   | Reached skill level 1 in Fire Magic
 19739 | Lair:3   | Killed Kirke
 20660 | Lair:3   | Reached skill level 9 in Spellcasting
 20924 | Orc:2    | Bought the ring of Uhaa {rF+ rN+ Dex+6 SInv} for 876 gold
                  | pieces
 20976 | D:10     | Entered Level 10 of the Dungeon
 20985 | D:10     | Found a runed translucent door.
 21691 | D:10     | Found a basalt altar of Yredelemnul.
 22690 | D:12     | Noticed Nessos
 22699 | D:12     | Killed Nessos
 23308 | D:12     | Noticed Sonja
 23312 | D:12     | Killed Sonja
 23641 | D:12     | Found a runed translucent gate.
 23641 | D:12     | Found a runed translucent gate.
 23641 | D:12     | Found a runed translucent gate.
 23644 | D:12     | Noticed Zeldest's ghost (journeyman DrMo)
 23646 | D:12     | Found an iron altar of Okawaru.
 24593 | Lair:4   | Found a hide-covered altar of Uskayaw.
 25072 | Lair:4   | Upgraded the game from 0.30-a0-1074-g5db6f66fbb to
                  | 0.30-a0-1075-gcd70e7a56d
 25082 | Lair:5   | Entered Level 5 of the Lair of Beasts
 25085 | Lair:5   | Found a viscous altar of Jiyva.
 25140 | Lair:5   | Reached skill level 10 in Spellcasting
 25194 | Lair:5   | Found a staircase to the Slime Pits.
 25230 | Lair:4   | Learned a level 2 spell: Blink
 25249 | Lair:5   | Reached XP level 15. HP: 92/103 MP: 29/29
 25381 | Lair:5   | Killed from afar by a wind drake

Illustrated notes

Levels and vault maps discovered:
D:1:      dpeg_arrival_rooms_b, layout_loops_corners
D:2:      layout_basic, hellmonk_ecumenical_altar_blasted
D:3:      cheibrodos_old_hovel, layout_loops_corners,
          gammafunk_ghost_nasty_kobolds, serial_shops, shop,
          nicolae_shop_bloodbath_and_beyond, nicolae_shop_window_shopping
D:4:      layout_loops_ring, gup_sewer_entry_glass, minmay_hedge_maze,
          nicolae_grassy_gnolls, uniq_blork_the_orc
D:5:      layout_basic, minmay_temple_entry_mist, minmay_manual_mail,
          uniq_crazy_yiuf_cottage
D:6:      layout_loops_ring, ebering_ghost_gozag, uniq_menkaure,
          uniq_prince_ribbit1
D:7:      layout_cave_pools
D:8:      layout_loops_cross, david_lair_generic, enter_bailey_3,
          chequers_avenue, uniq_maurice
D:9:      layout_basic, mainiacjoe_overflow_concentric_impassable, orc_0_dummy
D:10:     layout_loops_cross, dk_yredelemnul_ordeal
D:11:     layout_cave_pools
D:12:     layout_roguey, gammafunk_ghost_fury_of_okawaru, nicolae_hexahallways,
          hangedman_abyss_or_decor_lesser_grid, uniq_sonja, uniq_nessos
Temple:   mainiacjoe_temple_big_plus
Lair:1:   layout_small_grid, ebering_ghost_inner_flame, grunt_megastairs_3,
          lemuel_fruit_tree
Lair:2:   layout_gridlike, nicolae_swamp_entry_splash_gauntlet,
          minmay_snake_entry_guardpost_small, beast_lair_carwin_6, uniq_erica
Lair:3:   layout_regular_city, serial_rivers, chequers_serial_rivers_small_b,
          chequers_serial_rivers_micro_b, chequers_serial_rivers_small_a,
          chequers_serial_rivers_micro_a, uniq_kirke
Lair:4:   layout_regular_city, basic_altar, chequers_serial_rivers_micro_c,
          infiniplex_staircase_pool, serial_bayou_shore_a
Lair:5:   gammafunk_lair_ancient_temple, layout_gridlike,
          nicolae_slime_entry_field_trip
Orc:1:    layout_caves, serial_shops, shop
Orc:2:    grunt_orc_gardens, layout_caves, grunt_orc_garden, grunt_orc_garden,
          grunt_orc_garden, grunt_orc_garden, kennysheep_orc_chapel, uniq_snorg,
          uniq_josephine, uniq_erolcha

Skill      XL: |  1  2  3  4  5  6  7  8  9 10 11 12 13 14 |
---------------+-------------------------------------------+-----
Stealth        | 7 8 9 |  9.2
Spellcasting   | 1 2 3 4 6 7 8 10 | 10.1
Fighting       | 4 5 6 7 8 9 |  9.8
Long Blades    | 3 4 5 6 7 8 9 |  9.1
Dodging        | 3 4 5 6 7 8 9 |  9.6
Short Blades   | 1 2 4 5 7 8 9 |  9.0
Transmutations | 2 3 4 |  4.0
Conjurations   | 2 3 4 5 |  5.9
Poison Magic   | 2 3 4 |  4.4
Earth Magic    | 1 2 3 5 6 7 |  7.9
Air Magic      | 1 2 3 4 |  4.8
Throwing       | 1 2 3 4 |  4.5
Shields        | 3 4 |  4.8
Ice Magic      | 2 3 |  3.9
Summonings     | 2 3 |  3.0
Fire Magic     | 3 |  3.3
Translocations | |  0.5

Action                     |  1- 3 |  4- 6 |  7- 9 | 10-12 | 13-15 || total
---------------------------+-------+-------+-------+-------+-------++-------
  Melee: Long sword        |     5 |    44 |     2 |       |    33 ||    84
         Constrict         |     1 |    18 |    42 |    91 |   122 ||   274
         Tentacles         |       |    16 |    52 |   159 |   266 ||   493
         Dagger            |       |     1 |       |       |     3 ||     4
         Rapier            |       |    50 |   195 |   512 |   728 ||  1485
         Punch             |       |     1 |     4 |     7 |    15 ||    27
         Scimitar          |       |       |       |       |     8 ||     8
         Unarmed           |       |       |       |       |     2 ||     2
  Throw: Dart              |       |       |    10 |    47 |    63 ||   120
         Boomerang         |       |       |     1 |     5 |    50 ||    56
         Javelin           |       |       |       |       |     1 ||     1
   Cast: Searing Ray       |       |       |    15 |     2 |       ||    17
         Mephitic Cloud    |       |       |     8 |    49 |    64 ||   121
         Wereblood         |       |       |     8 |    24 |    35 ||    67
         Frozen Ramparts   |       |       |       |       |    54 ||    54
         Scorch            |       |       |       |       |     9 ||     9
         Summon Lightning  |       |       |       |       |     2 ||     2
 Invoke: Call Merchant     |       |       |       |     1 |       ||     1
  Evoke: Wand              |       |     1 |       |       |       ||     1
    Use: Scroll            |     1 |     1 |    12 |     6 |     9 ||    29
         Potion            |     1 |       |     1 |     4 |     3 ||     9
   Stab: Sleeping          |       |    26 |    45 |    26 |    17 ||   114
         Distracted        |       |     1 |     2 |     3 |     8 ||    14
         Confused          |       |       |     3 |    34 |    52 ||    89
 Armour: Skin              |       |     6 |    20 |    50 |    48 ||   124
  Dodge: Dodged            |     6 |    37 |   104 |   490 |   832 ||  1469

Table legend: (Time is in decaauts)
 A = Elapsed time spent in this place.
 B = Non-inter-level travel time spent in this place.
 C = Inter-level travel time spent in this place.
 D = Time resting spent in this place.
 E = Time spent auto-exploring this place.
 F = Levels seen in this place.
 G = Mean time per level.
                   A        B        C        D        E       F      G
               +--------+--------+--------+--------+--------+-----+--------+
         Total |  25078 |  23498 |   1580 |   6202 |   5347 |  23 | 1090.3 |
       Dungeon |  13771 |  12653 |   1118 |   2526 |   3375 |  12 | 1147.6 |
        Temple |    199 |    138 |     61 |     59 |     45 |   1 |  199.0 |
          Lair |   7147 |   6871 |    276 |   2559 |   1467 |   5 | 1429.4 |
  Orcish Mines |   2956 |   2832 |    124 |    908 |    349 |   2 | 1478.0 |
         Abyss |      8 |      8 |      0 |      0 |      0 |   1 |    8.0 |
         Sewer |    606 |    606 |      0 |    124 |    111 |   1 |  606.0 |
        Bailey |    388 |    388 |      0 |     25 |      0 |   1 |  388.0 |
               +--------+--------+--------+--------+--------+-----+--------+

Top non-repeatable levels by time:
     D:5: 2164 daAuts
  Lair:3: 2033 daAuts
  Lair:2: 1921 daAuts
  Lair:1: 1702 daAuts
   Orc:1: 1696 daAuts
     D:8: 1532 daAuts
     D:9: 1514 daAuts
     D:6: 1262 daAuts
   Orc:2: 1259 daAuts
     D:3: 1245 daAuts
     D:4: 1222 daAuts
  Lair:4: 1220 daAuts
    D:10: 1031 daAuts
    D:12: 1006 daAuts
     D:1: 946 daAuts
